 Dungeon Sprint DCSS version 0.26-a0-665-gefeb406119 (webtiles) character file.

Game seed: 8834923710737680084

4585 zazu2006 the Blocker (level 10, 0/78 HPs)
             Began as a Gnoll Fighter on Oct 13, 2020.
             Was the Champion of Dithmenos.
             Slain by an orc warrior
             ... wielding a +0 dire flail
              (12 damage)
             ... in the Dungeon (Sprint V: "Ziggurat Sprint").
             The game lasted 00:06:27 (1305 turns).

zazu2006 the Blocker (Gnoll Fighter)                Turns: 1305, Time: 00:06:27

Health: 0/78       AC: 16    Str: 23    XL:     10   Next: 41%
Magic:  32/32      EV: 14    Int: 25    God:    Dithmenos [******]
Gold:   0          SH:  0    Dex: 16    Spells: 27/27 levels left

rFire    . . .     SeeInvis .   i - +9 falchion "Gafuek" {freeze, rElec}
rCold    . . .     Faith    .   m - +3 buckler
rNeg     . . .     Spirit   .   N - +4 chain mail {rPois}
rPois    +         Reflect  +   (no helmet)
rElec    +         Harm     .   (no cloak)
rCorr    .         Rampage  .   (no gloves)
MR       .....     NoTele   +   (no boots)
Stlth    ..........             Q - amulet "Rorixu" {Reflect rElec MR- MP+9 Int+7 SH+5}
HPRegen  0.23/turn              G - +6 ring of strength
MPRegen  0.23/turn              E - +6 ring of intelligence

@: confused, wreathed by umbra
A: distributed training, fangs 1, blurry vision 2, frail 1, weak 1, strong nose
a: Shadow Step, Shadow Form, Renounce Religion


You were in the Dungeon.
You worshipped Dithmenos.
Dithmenos was exalted by your worship.
You visited 1 branch

Inventory:

Hand Weapons
 i - the +9 falchion "Gafuek" (weapon) {freeze, rElec}
   (You found it in the Dungeon)

   It has been specially enchanted to freeze those struck by it, causing extra
   injury to most foes and up to half again as much damage against particularly
   susceptible opponents.
   It can also slow down cold-blooded creatures.
   It insulates you from electricity.
 I - the +7 Singing Sword {vorpal, sonic wave}
   (You found it in the Dungeon)

   It inflicts extra damage upon your enemies.
 J - the +8 lance "Wyrmbane" {slay drac, rPois rF+ rC+ AC+3}
   (You found it in the Dungeon)

   It affects your AC (+3).
   It protects you from fire.
   It protects you from cold.
   It protects you from poison.
 K - a +5 double sword
 M - a +5 quick blade
Armour
 k - a +5 crystal plate armour
 l - +5 gold dragon scales
 m - a +3 buckler (worn)
 n - a +3 tower shield
 N - a +4 chain mail of poison resistance (worn)
Jewellery
 B - an uncursed ring of flight
 C - a +6 ring of dexterity
 D - a +6 ring of dexterity
 E - a +6 ring of intelligence (right hand)
 F - a +6 ring of intelligence
 G - a +6 ring of strength (left hand)
 H - a +6 ring of strength
 O - an uncursed ring of see invisible
 Q - the amulet "Rorixu" (around neck) {Reflect rElec MR- MP+9 Int+7 SH+5}
   (You found it in the Dungeon)

   [amulet of reflection]

   It shields you and reflects attacks.
   It affects your intelligence (+7).
   It insulates you from electricity.
   It affects your resistance to hostile enchantments.
   It affects your magic capacity (+9).
   It affects your SH (+5).
 S - the amulet "Araasoh" {Reflect +Inv rC- MR+ Int+4 SH+5}
   (You found it in the Dungeon)

   [amulet of reflection]

   It shields you and reflects attacks.
   It affects your intelligence (+4).
   It makes you vulnerable to cold.
   It affects your resistance to hostile enchantments.
   It lets you turn invisible.
   It affects your SH (+5).
 T - the ring "Soanulihyu" {rN+ rCorr}
   (You found it in the Dungeon)

   [ring of resist corrosion]

   It protects you from negative energy.
   It provides partial protection from all sources of acid and corrosion.
Wands
 y - a wand of disintegration (7)
 z - a wand of iceblast (7)
 A - a wand of acid (7)
Scrolls
 c - 4 scrolls of amnesia
 j - 4 scrolls of blinking
 o - 7 scrolls of fog
 p - 2 scrolls of holy word
 q - 5 scrolls of identify
 r - 5 scrolls of remove curse
 s - 2 scrolls of fear
 R - a scroll of brand weapon
Potions
 d - 6 potions of might
 e - 10 potions of curing
 f - 10 potions of heal wounds
 g - 6 potions of haste
 h - 7 potions of magic
 t - 2 potions of brilliance
 u - 2 potions of invisibility
 v - 4 potions of resistance
 w - a potion of experience
 x - 5 potions of stabbing
Miscellaneous
 a - a tin of tremorstones (3/3)
 b - a lightning rod (4/4)
 L - a lightning rod (4/4)
 P - a phial of floods


   Skills:
 + Level 11.0 Fighting
 + Level 9.0 Short Blades
 + Level 10.0 Long Blades
 + Level 9.0 Axes
 + Level 9.0 Maces & Flails
 + Level 9.0 Polearms
 + Level 9.0 Staves
 + Level 9.0 Slings
 + Level 9.0 Bows
 + Level 9.0 Crossbows
 + Level 9.0 Throwing
 + Level 11.0 Armour
 + Level 9.0 Dodging
 + Level 9.0 Stealth
 + Level 11.0 Shields
 + Level 9.0 Unarmed Combat
 + Level 9.0 Spellcasting
 + Level 7.4 Conjurations
 + Level 7.4 Hexes
 + Level 7.4 Summonings
 + Level 7.4 Necromancy
 + Level 7.4 Translocations
 + Level 7.4 Transmutations
 + Level 7.4 Fire Magic
 + Level 7.4 Ice Magic
 + Level 7.4 Air Magic
 + Level 7.4 Earth Magic
 + Level 7.4 Poison Magic
 + Level 9.7 Invocations
 + Level 9.0 Evocations


You had 27 spell levels left.
You didn't know any spells.
Your spell library contained the following spells:

 Spells                   Type           Power        Failure   Level
 Call Imp                 Summ           #####...     1%          2
 Ice Form                 Ice/Tmut       #####...     14%         4
 Metabolic Englaciation   Hex/Ice        #####.....   36%         5
 Summon Mana Viper        Hex/Summ       #####...     36%         5
 Freezing Cloud           Conj/Ice/Air   #####.....   91%         6
 Ozocubu's Refrigeration  Ice            #####.....   91%         6
 Shadow Creatures         Summ           N/A          91%         6
 Simulacrum               Ice/Necr       #####.....   91%         6
 Malign Gateway           Summ/Tloc      #####.....   100%        7


Dungeon Overview and Level Annotations

Branches:
Dungeon (1/1)

Altars:
Ashenzari
Cheibriados
Dithmenos
Elyvilon
Fedhas
Gozag
Hepliaklqana
Kikubaaqudgha
Makhleb
Nemelex Xobeh
Okawaru
Qazlal
Ru
Sif Muna
Trog
Uskayaw
Vehumet
Wu Jian
Xom
Yredelemnul
Zin
The Shining One
Beogh
Jiyva
Lugonu

Annotations:
D 1 transporter


Innate Abilities, Weirdness & Mutations

Your experience applies equally to all skills.
You have very sharp teeth.
Your uncanny sense of smell can sniff out nearby items.
Scrolls take you longer to read.
You are frail. (-10% HP)
You are weak. (Str -2)


Message History

The orc warrior is severely wounded.
Your shadow hits the orc warrior but does no damage.
Something hits you but does no damage. The orc warrior barely misses you.
You closely miss something. Your shadow misses something.
The orc warrior hits you with a +0 long sword!
* * * LOW HITPOINT WARNING * * *
You emit a cloud of dark smoke.
Something hits you but does no damage.
You bump into the unnaturally hard rock wall.
The orc warrior hits you with a +0 dire flail.
* * * LOW HITPOINT WARNING * * *
The orc warrior barely misses you. Something hits you but does no damage.
Unknown command.
You don't know any spells.
Unknown command.
You slash the orc warrior! You freeze the orc warrior.
Your bite misses the orc warrior.
The orc warrior is heavily wounded.
Your shadow hits the orc warrior but does no damage.
The orc warrior hits you with a +0 dire flail!
You die...

∆
▓...8©8...▓..8©8..
▓..[.:)}..▓..).|..
▓...")}...▓..)=...
▓.........▓.......
▓.........▓.......
▓.........▓.......
▓.§§......▓.......
▓{o§......▓.▓...▓†
▓@o§.©....▓...©...
▓▓▓▓▓▓▓▓▓▓▓▓▓▓▓▓▓▓
∆∆∆ ∆∆∆∆∆ ∆∆∆∆∆ ∆∆
∆∆∆∆∆ ∆∆∆∆


You could see 2 orc warriors.

Vanquished Creatures
  A two-headed ogre (D)
  An ugly thing (D)
  A shining eye (D)
  A cyclops (D)
  A smoke demon (D)
  A queen bee (shapeshifter) (D)
  A blink frog (D)
  A slime creature (D)
  A spriggan (shapeshifter) (D)
  A ynoxinul (D)
  A basilisk (D)
  3 neqoxecs (D)
  A water moccasin (D)
  An ogre (D)
  2 orc warriors (D)
  4 wolves (D)
  A bullfrog (D)
  2 quasits (D)
  2 orc priests (D)
  5 jellies (D)
  2 orc wizards (D)
  2 iguanas (D)
  A small abomination (D)
  2 shadow imps (D)
  3 orcs (D)
42 creatures vanquished.

Notes
Turn   | Place    | Note
-------+----------+-------------------------------------------
     0 | D        | zazu2006 the Gnoll Fighter began the quest for the Orb.
     0 | D        | Reached XP level 1. HP: 23/23 MP: 1/1
     3 | D        | Found a blossoming altar of Fedhas.
     4 | D        | Found the +6 Majin-Bo {vamp, MP+6 Int+6}
     4 | D        | Found the +9 heavy crossbow "Sniper" {vorpal, Acc+∞ SInv}
     4 | D        | Found the +10 dark maul {vorpal}
     4 | D        | Found the +15 Maxwell's patent armour {-Cast -Tele rElec
                  | MR+ rCorr}
     4 | D        | Found the +18 shield of the Gong {rElec rN+ MR+ EV-5}
     4 | D        | Found the cursed +14 obsidian axe {vorpal, +Fly SInv
                  | *Curse}
     4 | D        | Found the +7 great mace "Firestarter" {inner flame, rF++}
     4 | D        | Found the +6 shillelagh "Devastator" {shatter}
     4 | D        | Found the +11 plutonium sword {*Contam Stlth-}
     4 | D        | Found the +8 lance "Wyrmbane" {slay drac, rPois rF+ rC+
                  | AC+3}
     4 | D        | Found the +9 sword of Zonguldrok {reap}
     4 | D        | Found the cursed +13 scythe of Curses {drain, *Curse}
     4 | D        | Found the +0 sword of Power
     4 | D        | Found the +7 mace of Variability {chain chaos}
     4 | D        | Found the +7 Singing Sword {vorpal, sonic wave}
     4 | D        | Found the +8 storm bow {elec, penet}
    15 | D        | Found a viscous altar of Jiyva.
    15 | D        | Found a transporter.
    15 | D        | Found a hazy altar of Hepliaklqana.
    15 | D        | Found an ancient bone altar of Kikubaaqudgha.
    15 | D        | Found an opulent altar of Gozag.
    15 | D        | Found a corrupted altar of Lugonu.
    20 | D        | Found a burning altar of Makhleb.
    21 | D        | Found a sacrificial altar of Ru.
    21 | D        | Found a shimmering blue altar of Sif Muna.
    21 | D        | Found a stormy altar of Qazlal.
    21 | D        | Found a bloodstained altar of Trog.
    21 | D        | Found an iron altar of Okawaru.
    21 | D        | Found a sparkling altar of Nemelex Xobeh.
   114 | D        | Became a worshipper of Dithmenos the Shadowed
   127 | D        | Entered arena 2.
   127 | D        | Noticed a quasit
   127 | D        | Noticed a smoke demon
   127 | D        | Found a transporter.
   134 | D        | Killed a smoke demon
   134 | D        | Reached XP level 2. HP: 18/32 MP: 1/7
   134 | D        | Reached XP level 3. HP: 20/37 MP: 1/9
   134 | D        | Reached XP level 4. HP: 24/44 MP: 1/10
   134 | D        | Reached XP level 5. HP: 27/49 MP: 1/11
   134 | D        | Reached XP level 6. HP: 31/56 MP: 1/12
   138 | D        | Reached * piety under Dithmenos
   138 | D        | Reached skill level 5 in Invocations
   320 | D        | Entered arena 3.
   320 | D        | Noticed a cyclops
   320 | D        | Noticed a two-headed ogre
   320 | D        | Found a transporter.
   328 | D        | Killed a two-headed ogre
   328 | D        | Reached skill level 5 in Conjurations
   328 | D        | Reached skill level 5 in Hexes
   328 | D        | Reached skill level 5 in Summonings
   328 | D        | Reached skill level 5 in Necromancy
   328 | D        | Reached skill level 5 in Translocations
   328 | D        | Reached skill level 5 in Transmutations
   328 | D        | Reached skill level 5 in Fire Magic
   328 | D        | Reached skill level 5 in Ice Magic
   328 | D        | Reached skill level 5 in Air Magic
   328 | D        | Reached skill level 5 in Earth Magic
   328 | D        | Reached skill level 5 in Poison Magic
   328 | D        | Reached XP level 7. HP: 33/64 MP: 13/16
   328 | D        | Reached XP level 8. HP: 36/71 MP: 13/17
   331 | D        | Killed a cyclops
   554 | D        | Entered arena 4.
   554 | D        | Found a transporter.
   562 | D        | Reached ** piety under Dithmenos
   584 | D        | Got the Guide on Creation
   589 | D        | Entered arena 5.
   589 | D        | Found a transporter.
   590 | D        | Found the +1 cloak of Starlight {rElec rC+ EV+4 Stlth--}
   592 | D        | Reached *** piety under Dithmenos
   607 | D        | Reached XP level 9. HP: 67/78 MP: 19/19
   633 | D        | Entered arena 6.
   633 | D        | Found a transporter.
   634 | D        | Found the +3 giant club "Skullcrusher" {speed, Str+7}
   636 | D        | Reached **** piety under Dithmenos
   722 | D        | Entered arena 7.
   752 | D        | Reached ***** piety under Dithmenos
   752 | D        | Reached skill level 10 in Fighting
   752 | D        | Reached skill level 10 in Armour
   752 | D        | Reached skill level 10 in Shields
   768 | D        | Found a transporter.
   774 | D        | Got the amulet "Dunerr Hoaw" {Inacc rElec rC++ Int-5}
   777 | D        | Got the +9 falchion "Gafuek" {freeze, rElec}
   959 | D        | Entered arena 8.
   959 | D        | Noticed a white ugly thing
   959 | D        | Noticed a rime drake
   959 | D        | Gained mutation: Scrolls take you a little longer to read.
                  | [a neqoxec]
   966 | D        | Noticed a queen bee
   966 | D        | a rime drake changed into a queen bee
   971 | D        | Killed a queen bee
   972 | D        | Gained mutation: You are weak. (Str -2) [a neqoxec]
   979 | D        | Reached XP level 10. HP: 63/86 MP: 22/22
   983 | D        | Killed a white ugly thing
   983 | D        | Reached ****** piety under Dithmenos
   984 | D        | Found a transporter.
  1073 | D        | Entered arena 9.
  1073 | D        | Noticed a shining eye
  1074 | D        | Found a transporter.
  1074 | D        | Gained mutation: You are frail. (-10% HP) [a shining eye]
  1083 | D        | Gained mutation: Scrolls take you longer to read. [a
                  | shining eye]
  1085 | D        | Killed a shining eye
  1104 | D        | Reached skill level 10 in Long Blades
  1111 | D        | Got the amulet "Rorixu" {Reflect rElec MR- MP+9 Int+7 SH+5}
  1115 | D        | Got the amulet "Araasoh" {Reflect +Inv rC- MR+ Int+4 SH+5}
  1117 | D        | Got the ring "Soanulihyu" {rN+ rCorr}
  1270 | D        | Entered arena 10.
  1271 | D        | Identified the ring "Fet Gyrgh" {rElec rF+ MP+9 Str+4}
  1271 | D        | Identified the +7 broad axe "Reyn" {pain, MR+}
  1271 | D        | Found a transporter.
  1305 | D        | Slain by an orc warrior

Illustrated notes

Levels and vault maps discovered:
D:        sprint_v [room_start, room_1, room_2, room_3, room_4, room_5, room_6,
          room_7, room_8, room_9, room_10, room_11, room_12, room_13, room_14,
          room_15, room_16, room_17, room_18, room_19, room_20, room_21,
          room_22, room_23, room_24, room_25, room_26, room_27]

Skill      XL: |  1  2  3  4  5  6  7  8  9 10 |
---------------+-------------------------------+-----
Fighting       | 8 9 10 11 | 11.0
Short Blades   | 4 6 7 8 9 |  9.0
Long Blades    | 6 7 8 9 10 | 10.0
Axes           | 4 6 7 8 9 |  9.0
Maces & Flails | 4 6 7 8 9 |  9.0
Polearms       | 4 6 7 8 9 |  9.0
Staves         | 4 6 7 8 9 |  9.0
Slings         | 4 6 7 8 9 |  9.0
Bows           | 4 6 7 8 9 |  9.0
Crossbows      | 4 6 7 8 9 |  9.0
Throwing       | 4 6 7 8 9 |  9.0
Armour         | 8 9 10 11 | 11.0
Dodging        | 4 6 7 8 9 |  9.0
Stealth        | 4 6 7 8 9 |  9.0
Shields        | 8 9 10 11 | 11.0
Unarmed Combat | 4 6 7 8 9 |  9.0
Spellcasting   | 4 6 7 8 9 |  9.0
Conjurations   | 3 5 6 7 |  7.4
Hexes          | 3 5 6 7 |  7.4
Summonings     | 3 5 6 7 |  7.4
Necromancy     | 3 5 6 7 |  7.4
Translocations | 3 5 6 7 |  7.4
Transmutations | 3 5 6 7 |  7.4
Fire Magic     | 3 5 6 7 |  7.4
Ice Magic      | 3 5 6 7 |  7.4
Air Magic      | 3 5 6 7 |  7.4
Earth Magic    | 3 5 6 7 |  7.4
Poison Magic   | 3 5 6 7 |  7.4
Invocations    | 4 6 7 9 |  9.7
Evocations     | 4 6 7 8 9 |  9.0

Action                   |  1- 3 |  4- 6 |  7- 9 | 10-12 || total
-------------------------+-------+-------+-------+-------++-------
Melee: Lance             |     6 |     9 |   102 |    37 ||   154
       Bite              |     2 |     2 |    18 |     7 ||    29
       Falchion          |       |       |       |    18 ||    18
Evoke: Lightning rod     |       |     1 |       |       ||     1
       Tin of tremorston |       |       |     1 |       ||     1
  Use: Potion            |     1 |     1 |     1 |       ||     3
Armor: Scale mail        |    10 |     4 |    10 |       ||    24
       Chain mail        |       |       |    45 |    20 ||    65
Dodge: Dodged            |     7 |     6 |    82 |    34 ||   129
Block: Buckler           |     5 |     6 |    52 |    29 ||    92
       Reflection        |       |       |       |     1 ||     1
       Rpst.: Falchion   |       |       |       |     2 ||     2

Table legend: (Time is in decaauts)
 A = Elapsed time spent in this place.
 B = Non-inter-level travel time spent in this place.
 C = Inter-level travel time spent in this place.
 D = Time resting spent in this place.
 E = Time spent auto-exploring this place.
 F = Levels seen in this place.
 G = Mean time per level.
                   A        B        C        D        E       F      G
               +--------+--------+--------+--------+--------+-----+--------+
         Total |   1293 |   1293 |      0 |    855 |      0 |   1 | 1293.0 |
       Dungeon |   1293 |   1293 |      0 |    855 |      0 |   1 | 1293.0 |
               +--------+--------+--------+--------+--------+-----+--------+

Top non-repeatable levels by time:
       D: 1293 daAuts
